 Dungeon Crawl Stone Soup version 0.11.0-9-gb634444 (webtiles) character file.

1385872 Vader78 the Conqueror (level 27, 191/255 (275) HPs)
             Began as a Centaur Hunter on Feb 13, 2013.
             Was a High Priest of Okawaru.
             Escaped with the Orb
             ... and 3 runes on Feb 15, 2013!
             The game lasted 16:44:24 (111083 turns).

Vader78 the Conqueror (Centaur Hunter)            Turns: 111083, Time: 16:44:24

HP 191/255 (275) AC 47     Str 23      XL: 27
MP  28/28        EV  1     Int 11 (12) God: Okawaru [*****.]
Gold 810         SH 46     Dex 17      Spells:  5 memorised, 25 levels left

Res.Fire  : + + +   See Invis. : +   b - +5,+7 longbow of Analysis {speed, Int-1}
Res.Cold  : + . .   Warding    : .   q - +5 crystal plate armour "Efotaext" {rElec Life Prot.: + + . Conserve : . l - +2 large shield of the Four Orbs {god gift
Res.Poison: +       Res.Corr.  : .   Y - +0 helmet {SInv}
Res.Elec. : +       Clarity    : .   Z - -3 dwarf cloak {darkness} {god gift}
Sust.Abil.: . .     Spirit.Shd : .   i - +5 pair of gloves of Shadows and Fog {god Res.Mut. : + Stasis : . t - +4 centaur barding {rC+} {god gift} Res.Rott. : . Ctrl.Telep.: x F - amulet of resist mutation Saprovore : . . . Levitation : . p - ring of protection from fire Ctrl.Flight: . r - ring of poison resistance

@: very quick, quite resistant to hostile enchantments, extremely unstealthy
A: hooves 3, deformed body, herbivore 1, speed 2, fast metabolism 1, -10% mp,
tough skin 3, AC +1, Str +2, Int +1
a: Heroism, Finesse, Renounce Religion, Evoke Invisibility
}: 3/15 runes: serpentine, barnacled, silver


You escaped.
You worshipped Okawaru.
Okawaru was extremely pleased with you.
You were not hungry.

You visited 11 branches of the dungeon, and saw 70 of its levels.
You visited the Abyss 1 time.
You visited 1 bazaars.
You also visited: Labyrinth, Bailey and Ice Cave.

You collected 7948 gold pieces.
You spent 7158 gold pieces at shops.

Inventory:

Hand weapons
 b - the +5,+7 longbow of Analysis (weapon) {speed, Int-1}
   (You found it in an ice cave)

   Attacks with this weapon take half as long, but cause slightly less damage.
   It affects your intelligence (-1).
 c - a +9,+7 longbow of flame
 e - the +5,-2 crossbow of Phausukh {god gift, penet, rF+ MR}
   (Okawaru gifted it to you on level 15 of the Dungeon)

   Ammo fired by it will pass through the targets it hits, potentially hitting
   all targets in its path until it reaches maximum range.
   It protects you from fire.
   It increases your resistance to enchantments.
 P - a +1,+1 demon whip of electrocution
 R - a +4,+0 dagger of distortion {Psyche}
Missiles
 m - 35 silver bolts
 o - 6 poisoned arrows (quivered)
 K - an arrow of flame
 U - 27 arrows of frost
Armour
 i - the +5 pair of gloves of Shadows and Fog (worn) {god gift, rF+ Int+2}
   (Okawaru gifted it to you on level 4 of the Vaults)

   It affects your intelligence (+2).
   It protects you from fire.
 l - the +2 large shield of the Four Orbs (worn) {god gift, rF+ rN+}
   (Okawaru gifted it to you on level 6 of the Vaults)

   It protects you from fire.
   It protects you from negative energy.
 q - the +5 crystal plate armour "Efotaext" (worn) {rElec rN+}
   (You bought it in a shop in a bazaar)

   It insulates you from electricity.
   It protects you from negative energy.
 t - a +4 centaur barding of cold resistance (worn) {god gift}
 L - a -2 shield of reflection {Donald}
 Y - a +0 helmet of see invisible (worn)
 Z - a -3 dwarven cloak of darkness (worn) {god gift}
Magical devices
 d - a wand of disintegration (7)
 g - a wand of digging (12)
 A - a wand of digging (10)
 C - a wand of teleportation (4)
 E - a wand of digging (3)
 N - a wand of digging (0)
 Q - a wand of invisibility (7)
Comestibles
 h - 4 honeycombs
 W - 3 bread rations
Scrolls
 B - a scroll of remove curse
Jewellery
 a - an uncursed ring of teleport control
 f - an uncursed ring of wizardry
 j - an uncursed amulet of warding
 k - a ring of the Octopus King {rC+ AC+1 EV+1 Str+1 Dex+1 Int+1}
   (You found it on level 3 of the Vaults)

   [ring of protection from cold]

   It affects your AC (+1).
   It affects your evasion (+1).
   It affects your strength (+1).
   It affects your intelligence (+1).
   It affects your dexterity (+1).
 p - a ring of protection from fire (right hand)
 r - a ring of poison resistance (left hand)
 s - the ring of the Mage {Wiz MR Int+3}
   (You found it in a labyrinth)

   [ring of wizardry]

   It affects your intelligence (+3).
   It increases your resistance to enchantments.
 y - an uncursed amulet of resist corrosion
 D - an uncursed amulet of conservation
 F - an amulet of resist mutation (around neck)
 G - a cursed amulet of faith
 H - an uncursed ring of sustenance
 I - an uncursed amulet of clarity
 J - an uncursed ring of sustain abilities
 O - an uncursed ring of life protection
 S - the ring of Jumemi {MR Str+2 Dex+1}
   (You found it on level 8 of the Vaults)

   [ring of protection from magic]

   It affects your strength (+2).
   It affects your dexterity (+1).
 V - the ring "Owishraits" {rC+ Str+4 Acc+6}
   (You found it on level 3 of the Elven Halls)

   [ring of protection from cold]

   It affects your strength (+4).
   It affects your accuracy (+6).
 X - an uncursed amulet of stasis
Potions
 n - a potion of invisibility
 u - a potion of levitation
 v - a potion of agility
 x - a potion of restore abilities
Orbs of Power
 z - the Orb of Zot


   Skills:
 O Level 27 Fighting
   Level 1,3 Axes
 - Level 4,5 Maces & Flails
 O Level 27 Bows
 - Level 0,3 Crossbows
 + Level 19,8 Armour
 - Level 2,7 Dodging
 - Level 0,5 Stealth
 + Level 17,7 Shields
 - Level 11,9 Traps & Doors
 - Level 4,4 Spellcasting
 - Level 2,1 Charms
 - Level 2,0 Translocations
 - Level 8,0 Invocations
 - Level 5,1 Evocations


You had 25 spell levels left.
You knew the following spells:

 Your Spells              Type           Power        Failure   Level  Hunger
a - Apportation           Tloc           ##........   100%        1    #......
b - Blink                 Tloc           N/A          100%        2    ##.....
c - Portal Projectile     Tloc           ##.....      100%        2    ##.....
d - Shroud of Golubria    Chrm/Tloc      ##........   100%        2    ##.....
e - Swiftness             Chrm/Air       #.........   100%        2    ##.....


Dungeon Overview and Level Annotations

Branches:
Dungeon (27/27)            Temple (1/1) D:4             Orc (4/4) D:10
    Elf (3/3) Orc:4          Lair (8/8) D:10         Shoals (5/5) Lair:6
  Snake (5/5) Lair:4        Slime (0/6) Lair:6       Vaults (8/8) D:15
  Blade (0/1) Vaults:4      Crypt (3/5) Vaults:3       Tomb (0/3) Crypt:2
    Tar (0/7) Hell            Zot (5/5) D:27
    Dis: Hell:1         Geh: Hell:1         Coc: Hell:1

Altars:
Ashenzari
Cheibriados
Elyvilon
Fedhas
Kikubaaqudgha
Makhleb
Nemelex Xobeh
Okawaru
Sif Muna
Trog
Vehumet
Xom
Yredelemnul
Zin
the Shining One

Shops:
D:18: (([[ D:22: ? D:24: =(!** Orc:4: ?/[(* Shoals:1: !?(( Snake:1: ( Vaults:1: (=([ Vaults:2: ( Abyss: ((

Portals:
Dungeon:
Abyss
Hell: D:21 D:22 D:23 D:24 D:25 D:26 D:27
Abyss: D:16 D:25 D:26
Pandemonium: D:24 D:27
Trove: D:16 (give +3 gold dragon armour)

Annotations
Crypt:2 exclusion: curse skull
Crypt:3 exclusion: curse skull


Innate Abilities, Weirdness & Mutations

You have hooves in place of feet.
Armour fits poorly on your strangely shaped body.
You digest meat inefficiently.
You cover ground very quickly.
You have a fast metabolism.
You have extremely tough skin (AC +3).
You are partially covered in thin metallic scales (AC +1).
Your mind is acute (Int +1).
Your magical capacity is low (-10% MP).
Your muscles are strong (Str +2).


Message History

You shoot a poisoned arrow.
The poisoned arrow hits the small abomination.
The small abomination is severely damaged.
You hear a splash.
Firing (i - inventory. (,) - cycle):
o - 7 poisoned arrows (quivered)
Press: ? - help, Shift-Dir - straight line, f/p - small abomination
Aim: a small abomination (severely damaged)
You shoot a poisoned arrow.
The poisoned arrow hits the small abomination.
You destroy the small abomination!
Okawaru accepts your kill.
You hear a splash.
(D) Dungeon (T) Temple (O) Orcish Mines (E) Elven Halls (L) Lair (A) Shoals (P) Snake Pit (M) Slime Pits (V) Vaults (B) Hall of Blades (C) Crypt (W) Tomb (U) Hell (Y) Tartarus (Z) Zot
Where to? (Enter - D:1 @ (x,y), ? - help)
There is a staircase leading out of the dungeon here.
Are you sure you want to win?
You have escaped!

#.# #......%.........
#.# #################
#.##############
#..............#
##########'###.########
#PffPP.P(#.........
#≈PP.....'.########
#<....≈Pf### #
#<@≈PPPf≈# # ##########


There were no monsters in sight!

Vanquished Creatures
  3 ancient liches (Zot:5)
  4 orbs of fire (Zot:5)
  Saint Roka (Shoals:4)
  Boris (D:22)
  Mara (Shoals:3)
  Margery (D:20)
  Mennas (D:24)
  2 Killer Klowns (Zot:5)
  Geryon (Hell)
  5 golden dragons
  An illusory Mara (Shoals:3)
  Frederick (Snake:5)
  3 electric golems
  Nikola (Shoals:1)
  18 Orb Guardians (Zot:5)
  5 tentacled monstrosities
  3 titans (Vaults:8)
  2 deep elf blademasters (Elf:3)
  Murray (Hell)
  8 acid blobs (Zot:3)
  A lich (D:25)
  2 krakens
  14 shadow dragons
  Kirke (Shoals:3)
  5 storm dragons
  2 Ice Fiends
  Rupert (D:16)
  Agnes (D:14)
  6 sphinxes
  Frances (Snake:2)
  Roxanne (D:14)
  5 draconian monks
  Aizul (Snake:5)
  The ghost of AnAngryHobo the Slayer, a powerful MiBe of Trog (D:16)
  Ilsuiw (Shoals:5)
  6 ghouls
  4 draconian knights
  Donald (Shoals:5)
  A balrug (Hell)
  2 ghost moths
  6 draconian scorchers
  2 frost giants
  Wiglaf (Vaults:1)
  3 Executioners
  Louise (Shoals:4)
  A quicksilver dragon zombie (D:25)
  2 orc warlords
  4 draconian zealots
  Maud (D:16)
  7 bone dragons
  Gastronok (D:9)
  8 draconian shifters
  5 fire giants
  11 draconian annihilators
  A quicksilver dragon skeleton (Crypt:1)
  34 stone giants
  4 draconian callers
  3 curse skulls
  4 grey draconians
  9 deep elf annihilators (Elf:3)
  2 greater nagas (Snake:5)
  8 green draconians
  5 black draconians
  4 reapers
  7 deep elf death magi (Elf:3)
  8 red draconians
  A green death (Hell)
  Azrael (D:14)
  8 purple draconians
  15 yellow draconians
  5 deep elf sorcerers
  5 pale draconians
  5 ettins
  A minotaur (Lab)
  29 vault guards
  35 yaktaur captains
  8 mottled draconians
  Snorg (Vaults:2)
  A deep elf master archer (Elf:3)
  The ghost of Congressman the Fighter, a powerful MiFi of Nemelex Xobeh (D:12)
  2 great orbs of eyes
  2 titan skeletons
  A titan zombie (D:21)
  2 storm dragon zombies
  13 dragons
  4 death cobs
  4 sirens
  3 merfolk aquamancers (Shoals:5)
  Erica (Orc:2)
  Harold (Orc:2)
  A ravenous feature mimic (IceCv)
  9 hydras
  A dancing weapon (D:25)
  An ice dragon (shapeshifter) (D:25)
  9 ice dragons
  A storm dragon skeleton (D:22)
  3 merfolk javelineers (Shoals:5)
  Polyphemus (Shoals:3)
  3 deep elf demonologists (Elf:3)
  20 ogre magi
  A lorocyproca (Elf:3)
  An anaconda skeleton (Crypt:3)
  Nessos (Elf:1)
  5 merfolk impalers (Shoals:5)
  A quicksilver dragon simulacrum (Abyss)
  A sphinx zombie (Vaults:4)
  9 death yaks
  The ghost of Faustikun the Thaumaturge, a powerful SpEn of Nemelex Xobeh (D:12)
  2 wolf spider zombies
  2 rakshasas (Vaults:3)
  5 anacondas
  26 centaur warriors
  An iron dragon zombie (Vaults:6)
  4 stone giant zombies
  2 shadow dragon skeletons
  2 fire giant zombies
  6 deep elf high priests (Elf:3)
  3 sphinx skeletons
  Urug (D:13)
  3 orc high priests
  7 sun demons
  6 very ugly things
  13 stone giant skeletons
  19 deep trolls
  5 soul eaters
  A fire giant skeleton (Vaults:8)
  2 iron golems (Hell)
  3 frost giant skeletons
  5 iron trolls
  A death drake (shapeshifter) (Vaults:8)
  3 death drakes
  8 wizards
  6 hell knights
  12 large abominations
  5 shadow wraiths
  8 ice devils
  6 elves (Vaults:7)
  73 skeletal warriors
  15 deep elf knights
  6 unseen horrors
  A black draconian zombie (Crypt:3)
  A dire elephant skeleton (Crypt:3)
  14 sea snakes
  3 elves (shapeshifter)
  9 naga warriors
  28 humans
  A pale draconian zombie (Zot:5)
  A mottled draconian zombie (Crypt:1)
  6 flayed ghosts
  9 necromancers
  35 orc knights
  A redback zombie (D:15)
  A yellow draconian zombie (Crypt:2)
  5 ice statues
  An alligator snapping turtle skeleton (Crypt:3)
  2 grey draconian skeletons
  Pikel (D:5)
  9 giant amoebae
  3 elf skeletons
  2 red draconian skeletons
  A harpy zombie (Crypt:2)
  20 hill giants
  A swamp dragon (Zot:3)
  2 white draconian skeletons
  2 flaming corpses
  A hill giant (shapeshifter) (D:27)
  9 orc sorcerers
  7 griffons
  A wolf spider (shapeshifter) (Vaults:8)
  A death drake zombie (Crypt:3)
  A shining eye (Abyss)
  5 harpies
  2 guardian serpents
  3 hellions
  A minotaur zombie (Lab)
  3 statues
  3 oklob plants (Zot:3)
  2 harpy skeletons
  4 spiny worms
  3 red wasps
  A hydra skeleton (Vaults:1)
  3 purple draconian skeletons
  9 wolf spiders
  A hydra zombie (Crypt:3)
  12 cyclopes
  2 fire crabs
  Maurice (D:11)
  2 red wasps (shapeshifter)
  6 phantasmal warriors
  2 minotaur skeletons (Crypt:3)
  19 black mambas
  An ettin zombie (D:22)
  5 sixfirhies
  2 cyclopes (shapeshifter) (Vaults:8)
  2 griffon zombies (D:18)
  3 hell beasts (Hell)
  2 dragon zombies
  2 feature mimics
  81 slime creatures
  An eye of devastation (Vaults:2)
  2 spiny worm zombies
  27 moths of wrath
  2 alligator skeletons
  An ettin skeleton (D:22)
  An item mimic (D:15)
  8 rock trolls
  22 spiny frogs
  7 elephants (Lair:8)
  12 hellwings
  2 griffon skeletons (Crypt:3)
  An ice dragon skeleton (Vaults:1)
  An elephant (shapeshifter) (Vaults:8)
  A guardian serpent skeleton (Crypt:3)
  3 orange demons
  48 yaktaurs
  A yaktaur (shapeshifter) (D:17)
  5 hill giant zombies
  The ghost of a3minhero the Sneak, an experienced SpAs of Okawaru (D:6)
  Psyche (D:12)
  6 guardian mummies
  2 efreet
  A queen ant zombie (Crypt:2)
  23 naga magi
  11 mermaids
  A giant leech zombie (Crypt:2)
  5 hill giant skeletons
  95 ugly things
  Sonja (Snake:1)
  A pale draconian simulacrum (Crypt:1)
  A demonic crawler (Hell)
  3 iron devils
  19 trolls
  2 wandering mushrooms
  2 spriggans (shapeshifter)
  23 komodo dragons
  4 silent spectres
  An iron troll simulacrum (Hell)
  51 two-headed ogres
  A giant leech (Lair:7)
  2 rock troll zombies
  A troll (shapeshifter) (D:20)
  2 deep troll zombies (D:20)
  32 blink frogs
  16 snapping turtles
  A baby alligator (shapeshifter) (Vaults:8)
  2 smoke demons
  4 rock troll skeletons
  A catoblepas simulacrum (Crypt:1)
  2 swamp dragon zombies
  3 rotting hulks
  8 octopodes (Shoals:3)
  A grizzly bear (shapeshifter) (D:20)
  3 deep troll skeletons
  2 brown oozes (Lair:6)
  8 basilisks
  8 metal gargoyles (Hell)
  A grizzly bear (Lair:6)
  2 wyverns
  18 blue devils
  60 yaks
  2 dragon simulacra (IceCv)
  7 hungry ghosts
  An ice dragon simulacrum (D:12)
  12 wraiths
  Eustachio (D:6)
  13 sharks
  14 vampires
  A chaos spawn (Vaults:4)
  4 ynoxinuls
  16 deep elf conjurers
  A fire elemental (D:14)
  Grum (D:12)
  A trapdoor spider (D:17)
  29 vampire mosquitoes
  15 hippogriffs
  38 merfolk
  3 yaktaur zombies
  A blink frog skeleton (D:13)
  3 hogs (Shoals:3)
  A merfolk (shapeshifter) (D:19)
  A redback (shapeshifter) (Vaults:8)
  A fire crab zombie (Vaults:3)
  2 rock worms
  3 fire drakes
  7 neqoxecs
  26 war dogs
  7 boulder beetles
  A wyvern zombie (Crypt:2)
  2 soldier ants (D:14)
  Edmund (D:4)
  A hippogriff (shapeshifter) (D:23)
  11 water elementals (Shoals:5)
  5 deep elf summoners
  72 orc warriors
  A cyclops zombie (Vaults:2)
  28 deep elf fighters
  19 hell hounds
  14 manticores
  A mermaid skeleton (Crypt:1)
  2 yaktaur skeletons
  8 freezing wraiths
  15 small abominations
  10 ice beasts
  3 boulder beetle zombies
  2 kobold demonologists (Vaults:7)
  2 cyclops skeletons
  4 sky beasts
  A wyvern skeleton (D:23)
  15 necrophages
  6 yak zombies (Vaults:3)
  3 yellow wasps
  9 red devils
  8 deep elf priests
  A phantom (D:11)
  A troll zombie (Crypt:2)
  A human simulacrum (IceCv)
  27 giant goldfish
  A bear zombie (Crypt:3)
  2 polar bear skeletons (Crypt:3)
  9 deep elf magi
  A human skeleton (Crypt:2)
  4 swamp drakes (Zot:3)
  20 wargs
  11 crocodiles
  38 centaurs
  18 big kobolds
  4 boring beetles
  A brain worm (D:19)
  59 nagas
  87 ogres
  A boring beetle (shapeshifter) (Vaults:8)
  3 giant slugs
  A hippogriff skeleton (Crypt:3)
  7 wolves
  A wolf skeleton (Crypt:1)
  5 rotting devils
  32 water moccasins
  A silver statue (D:27)
  6 elf zombies
  2 yellow wasp zombies
  A two-headed ogre zombie (Vaults:3)
  A giant frog zombie (Vaults:2)
  2 gnoll sergeants
  An octopode zombie (Crypt:3)
  12 agate snails
  A centaur skeleton (Crypt:2)
  A water moccasin zombie (D:9)
  31 giant frogs
  A human (shapeshifter) (Vaults:8)
  A basilisk skeleton (D:11)
  8 grizzly bear simulacra
  28 wights
  A killer bee zombie (D:11)
  6 jellyfish
  18 killer bees
  A brain worm zombie (D:13)
  A tengu zombie (Crypt:2)
  2 big kobold zombies (D:11)
  A mottled dragon zombie (D:12)
  25 electric eels
  7 shadows
  A soldier ant simulacrum (D:21)
  15 crimson imps
  2 dwarf skeletons (Crypt:3)
  5 goliath beetles
  21 hounds
  11 lava snakes
  9 spiders
  15 big fish
  A draconian (shapeshifter) (Vaults:8)
  26 orc priests
  12 iron imps
  3 quasits
  28 deep elf soldiers
  2 hound skeletons
  7 iguanas
  A naga skeleton (Crypt:3)
  16 orange rats
  A two-headed ogre simulacrum (Crypt:1)
  23 orc wizards
  5 orange rat zombies (Hell)
  6 scorpions
  2 worker ant zombies
  19 porcupines
  7 worker ants
  2 orange rat skeletons (Hell)
  A swamp drake skeleton (Crypt:3)
  Jessica (D:3)
  10 boggarts
  13 sheep
  3 goliath beetle zombies
  17 jellies
  An orange rat simulacrum (Hell)
  Terence (Vaults:7)
  7 mummies
  17 flying skulls
  42 adders
  2 adder zombies
  16 gnolls
  9 lemures
  2 giant centipede zombies
  An iguana zombie (Crypt:2)
  6 giant centipedes
  5 shadow imps
  9 white imps
  2 adder skeletons
  A giant mite (Lair:4)
  55 green rats
  2 halfling skeletons
  8 worms
  14 ufetubi
  19 grey rats
  3 bat zombies (Vaults:3)
  A green rat zombie (Crypt:2)
  5 human zombies
  12 giant geckos
  A gnoll skeleton (D:3)
  2 oozes
  An orc (shapeshifter) (Vaults:8)
  197 orcs
  9 giant cockroaches
  17 hobgoblins
  17 jackals
  41 kobolds
  10 quokkas
  An ant larva zombie (Crypt:1)
  6 ball pythons
  A ball python skeleton (Crypt:3)
  69 bats
  A giant gecko skeleton (Crypt:1)
  5 giant newts
  2 giant spores
  17 goblins
  A goblin skeleton (Crypt:1)
  A hobgoblin zombie (D:6)
  2 jackal skeletons
  2 kobold skeletons
  2 orc skeletons
  8 orc zombies
  A quokka zombie (Crypt:2)
  33 rats
  A rat skeleton (D:5)
  A rat zombie (Vaults:3)
  3 ballistomycetes
  5 bushes
  7 fungi
  27 plants
  10 tentacles
  46 toadstools
3700 creatures vanquished.

Vanquished Creatures (others)
  A draconian scorcher (Abyss)
  A pale draconian (Zot:5)
  A dragon (Zot:2)
  4 yaktaurs (D:27)
  7 ugly things
  A war dog (Lair:7)
  A small abomination (Abyss)
  A human (Shoals:3)
  A yaktaur skeleton (Vaults:4)
  An ogre (D:18)
  A warg (D:19)
  A water moccasin (Lair:8)
  A killer bee (D:14)
  A big fish (Snake:4)
  A deep elf soldier (Elf:3)
  3 jellies (Zot:3)
  2 green rats (Lair:8)
  2 white imps
  An ufetubus (Elf:3)
  4 orcs
  A hobgoblin skeleton (Crypt:3)
  2 kobolds (D:7)
  A rat (Zot:5)
  4 fungi
  8 plants
  23 tentacles
  488 tentacle segments
  74 toadstools
637 creatures vanquished.

Grand Total: 4337 creatures vanquished

Notes
Turn   | Place    | Note
--------------------------------------------------------------
     0 | D:1      | Vader78, the Centaur Hunter, began the quest for the Orb.
     0 | D:1      | Reached XP level 1. HP: 17/17 MP: 0/0
   163 | D:1      | Reached XP level 2. HP: 16/24 MP: 1/1
   246 | D:1      | Reached skill level 6 in Bows
   647 | D:1      | Reached XP level 3. HP: 12/29 MP: 2/2
   849 | D:1      | Reached skill level 1 in Axes
  1472 | D:2      | Found a snail-covered altar of Cheibriados.
  1650 | D:2      | Reached XP level 4. HP: 16/37 MP: 2/2
  2006 | D:3      | Reached skill level 7 in Bows
  2006 | D:3      | Reached XP level 5. HP: 42/42 MP: 3/3
  2118 | D:3      | Noticed Jessica
  2121 | D:3      | Killed Jessica
  3031 | D:4      | Found a blossoming altar of Fedhas.
  3044 | D:4      | Reached skill level 8 in Bows
  3049 | D:4      | Gained mutation: Your spells are a little harder to cast, but a little more powerful. [potion of mutation]
  3049 | D:4      | Gained mutation: Your magical capacity is low (-10% MP). [potion of mutation]
  3049 | D:4      | Gained mutation: You are agile (Dex +1). [potion of mutation]
  3208 | D:4      | Noticed an ogre
  3220 | D:4      | Killed an ogre
  3220 | D:4      | Reached XP level 6. HP: 50/50 MP: 3/3
  3310 | D:4      | Reached skill level 9 in Bows
  3359 | D:4      | Found a staircase to the Ecumenical Temple.
  3369 | Temple   | Entered the Ecumenical Temple
  3580 | Temple   | Became a worshipper of Warmaster Okawaru
  3820 | D:5      | Entered Level 5 of the Dungeon
  3854 | D:5      | Noticed Edmund
  3929 | D:4      | Killed Edmund
  3929 | D:4      | Reached skill level 1 in Armour
  3929 | D:4      | Reached XP level 7. HP: 42/56 MP: 3/3
  4436 | D:5      | Reached skill level 10 in Bows
  4542 | D:5      | Got a polished plate armour
  4562 | D:5      | Identified the +6 plate armour of Distant Worlds (You found it on level 5 of the Dungeon)
  4644 | D:5      | Acquired Okawaru's first power
  4713 | D:5      | Noticed Pikel
  4785 | D:5      | Killed Pikel
  4785 | D:5      | Reached skill level 11 in Bows
  4785 | D:5      | Reached XP level 8. HP: 28/63 MP: 4/4
  5040 | D:6      | Noticed a3minhero's ghost (experienced SpAs)
  5068 | D:6      | Killed a3minhero's ghost
  5332 | D:6      | Noticed Eustachio
  5367 | D:6      | Killed Eustachio
  5367 | D:6      | Reached skill level 12 in Bows
  6063 | D:7      | Reached XP level 9. HP: 68/70 MP: 5/5
  6066 | D:7      | Reached skill level 1 in Maces & Flails
  6240 | D:7      | Reached skill level 13 in Bows
  6675 | D:7      | Identified a +0 rod of warding (14/14) (You took it off a centaur on level 7 of the Dungeon)
  7283 | D:7      | Received a gift from Okawaru
  7283 | D:7      | Reached skill level 14 in Bows
  7454 | D:7      | Reached skill level 5 in Fighting
  7597 | D:7      | Received a gift from Okawaru
  8044 | D:8      | Reached skill level 15 in Bows
  8044 | D:8      | Reached XP level 10. HP: 79/79 MP: 5/5
  9030 | D:9      | Reached skill level 16 in Bows
  9117 | D:9      | Noticed a hill giant
  9161 | D:9      | Killed a hill giant
  9161 | D:9      | Acquired Okawaru's second power
  9161 | D:9      | Received a gift from Okawaru
  9228 | D:9      | Noticed Gastronok
  9330 | D:9      | Killed Gastronok
  9330 | D:9      | Reached skill level 17 in Bows
  9334 | D:9      | Received a gift from Okawaru
  9531 | D:9      | Received a gift from Okawaru
  9893 | D:10     | Entered Level 10 of the Dungeon
 10074 | D:10     | Reached skill level 18 in Bows
 10076 | D:10     | Found a staircase to the Orcish Mines.
 10288 | D:10     | Found a staircase to the Lair.
 10472 | D:10     | Received a gift from Okawaru
 10472 | D:10     | Reached XP level 11. HP: 80/86 MP: 7/7
 10485 | D:10     | Paralysed by a yellow wasp for 1 turns
 11085 | Lair:1   | Entered Level 1 of the Lair of Beasts
 11438 | Lair:2   | Reached skill level 19 in Bows
 11632 | Lair:2   | Noticed a seven-headed hydra
 11640 | Lair:2   | Killed a seven-headed hydra
 11640 | Lair:2   | Received a gift from Okawaru
 11700 | Lair:2   | Received a gift from Okawaru
 11983 | Lair:2   | Reached skill level 20 in Bows
 12167 | Lair:2   | Found a dark tunnel.
 12855 | Lair:3   | Received a gift from Okawaru
 12858 | Lair:3   | Got an ancient longbow {god gift}
 12859 | Lair:3   | Identified the longbow of Cadghatu {god gift, speed, rF+} (Okawaru gifted it to you on level 3 of the Lair of Beasts)
 13014 | Lair:3   | Reached skill level 21 in Bows
 13082 | Lair:3   | Found a hole to the Spider Nest.
 13129 | Lair:3   | the hole to the Spider Nest was a mimic.
 13500 | Lair:3   | Reached XP level 12. HP: 60/96 MP: 8/8
 13581 | Lair:3   | Noticed a five-headed hydra
 13592 | Lair:3   | Killed a five-headed hydra
 14352 | Lair:4   | Got a smoking scale mail
 14379 | Lair:4   | Found a staircase to the Snake Pit.
 14563 | Lair:4   | Identified the +3 scale mail "Dapuin" (You found it on level 4 of the Lair of Beasts)
 14781 | Lair:4   | Received a gift from Okawaru
 14814 | Lair:4   | Got a distressingly furry plate armour {god gift}
 14849 | Lair:4   | Identified the +0 plate armour of the Wilderness {god gift} (Okawaru gifted it to you on level 4 of the Lair of Beasts)
 15049 | Lair:4   | Reached skill level 22 in Bows
 15361 | Lair:5   | Noticed a five-headed hydra
 15371 | Lair:5   | Killed a five-headed hydra
 16053 | Lair:6   | Found a staircase to the Slime Pits.
 16107 | Lair:6   | Reached skill level 23 in Bows
 16812 | Lair:6   | aj12037: hi
 16812 | Lair:6   | aj12037: what happened?
 16845 | Lair:6   | Found a staircase to the Shoals.
 17119 | Lair:7   | Received a gift from Okawaru
 17258 | Lair:7   | Reached skill level 24 in Bows
 17440 | Lair:7   | Reached XP level 13. HP: 72/104 MP: 8/8
 18236 | Lair:8   | Entered Level 8 of the Lair of Beasts
 18808 | Lair:7   | Reached skill level 25 in Bows
 18914 | Lair:7   | Received a gift from Okawaru
 18918 | Lair:7   | Got an ichor-stained longbow {god gift}
 18919 | Lair:7   | Identified the longbow "Beetle's Bane" {god gift, frost, rC+} (Okawaru gifted it to you on level 7 of the Lair of Beasts)
 20095 | Lair:8   | Received a gift from Okawaru
 20238 | Lair:8   | Reached skill level 5 in Armour
 20404 | Lair:8   | Received a gift from Okawaru
 20404 | Lair:8   | Reached skill level 26 in Bows
 20481 | Lair:8   | Received a gift from Okawaru
 20487 | Lair:8   | Got a twisted robe {god gift}
 21146 | Lair:8   | Reached XP level 14. HP: 104/115 MP: 9/9
 21305 | Lair:8   | Identified the -5 robe of Wrong Decisions {god gift} (Okawaru gifted it to you on level 8 of the Lair of Beasts)
 21865 | Orc:1    | Entered Level 1 of the Orcish Mines
 22328 | Orc:1    | Found a flagged portal.
 22361 | Bailey   | Entered a bailey
 22708 | Orc:2    | Noticed Erica
 22722 | Orc:2    | Noticed Harold
 22843 | Orc:2    | Killed Harold
 22851 | Orc:2    | Killed Erica
 22857 | Orc:2    | Reached skill level 27 in Bows
 22963 | Orc:2    | Reached skill level 1 in Evocations
 23195 | Orc:2    | Reached skill level 10 in Fighting
 23340 | Orc:3    | Found a staircase to the Elven Halls.
 23340 | Orc:3    | Noticed an orc warlord
 23404 | Orc:2    | Killed an orc warlord
 23404 | Orc:2    | Received a gift from Okawaru
 23917 | Orc:3    | the staircase to the Elven Halls was a mimic.
 23927 | Orc:3    | Received a gift from Okawaru
 24479 | Orc:4    | Entered Level 4 of the Orcish Mines
 24754 | Orc:4    | Reached skill level 1 in Shields
 24828 | Orc:4    | Received a gift from Okawaru
 24925 | Orc:4    | Found Cligy's Magical Wand Shoppe.
 24925 | Orc:4    | Found Crini's Armour Boutique.
 24932 | Orc:4    | Found Fyntouc's Weapon Boutique.
 24932 | Orc:4    | Found Daehor's Assorted Antiques.
 24953 | Orc:4    | Received a gift from Okawaru
 24957 | Orc:4    | Got a distressingly furry helmet {god gift}
 24961 | Orc:4    | Identified the +2 helmet of the Griffon {god gift} (Okawaru gifted it to you on level 4 of the Orcish Mines)
 24986 | Orc:4    | Bought a potion of curing for 76 gold pieces
 24986 | Orc:4    | Bought a potion of curing for 76 gold pieces
 25097 | Orc:4    | Found a staircase to the Elven Halls.
 25155 | Orc:4    | Found Alurelyos' Magic Scroll Shoppe.
 25191 | Orc:4    | Bought a scroll of identify for 26 gold pieces
 25191 | Orc:4    | Bought a scroll of enchant weapon I for 71 gold pieces
 25191 | Orc:4    | Bought a scroll of enchant armour for 71 gold pieces
 25535 | Elf:1    | Entered Level 1 of the Elven Halls
 25816 | Elf:1    | Noticed Nessos
 25827 | Elf:1    | Killed Nessos
 26578 | Elf:1    | Reached skill level 1 in Invocations
 28107 | Lair:1   | Paralysed by a potion of paralysis for 5 turns
 28298 | Shoals:1 | Entered Level 1 of the Shoals
 28343 | Shoals:1 | Found Agixoix's Magic Scroll Emporium.
 28358 | Shoals:1 | Bought a scroll of enchant weapon III for 320 gold pieces
 28432 | Shoals:1 | Found Dafuxes' Distillery.
 28433 | Shoals:1 | Noticed Nikola
 28470 | Shoals:1 | Killed Nikola
 28470 | Shoals:1 | Reached skill level 5 in Shields
 28476 | Shoals:1 | Received a gift from Okawaru
 28500 | Shoals:1 | Bought a potion of heal wounds for 48 gold pieces
 28500 | Shoals:1 | Bought a potion of heal wounds for 48 gold pieces
 28529 | Shoals:1 | Reached XP level 15. HP: 120/128 MP: 12/12
 28640 | Shoals:1 | Found Upoak's Antique Weapon Emporium.
 28666 | Shoals:1 | Received a gift from Okawaru
 29235 | Shoals:2 | Noticed a kraken
 29373 | Shoals:2 | Killed a kraken
 30202 | Shoals:2 | Received a gift from Okawaru
 30648 | Shoals:3 | Got a brightly glowing leather armour
 30662 | Shoals:3 | Noticed Kirke
 30943 | Shoals:3 | Killed Kirke
 30949 | Shoals:3 | Received a gift from Okawaru
 31182 | Shoals:3 | Noticed Polyphemus
 31186 | Shoals:3 | Killed Polyphemus
 31186 | Shoals:3 | Received a gift from Okawaru
 31186 | Shoals:3 | Reached skill level 15 in Fighting
 31598 | Shoals:4 | Noticed Louise
 31606 | Shoals:4 | Killed Louise
 31619 | Shoals:4 | Noticed Mara
 31662 | Shoals:3 | Noticed Mara
 31663 | Shoals:3 | Noticed Vader78's illusion
 31664 | Shoals:3 | Noticed Mara
 31834 | Shoals:2 | Identified the +2 leather armour of the Twelve Orbs (You found it on level 3 of the Shoals)
 32345 | D:11     | Noticed Maurice
 32354 | D:11     | Killed Maurice
 33022 | D:12     | Received a gift from Okawaru
 33178 | D:12     | Reached XP level 16. HP: 144/144 MP: 13/13
 33199 | D:12     | Noticed Psyche
 33202 | D:12     | Killed Psyche
 33207 | D:12     | Noticed Grum
 33214 | D:12     | Killed Grum
 33226 | D:12     | Got a dazzling flail
 33245 | D:12     | Noticed Faustikun's ghost (powerful SpEn)
 33260 | D:12     | Killed Faustikun's ghost
 33332 | D:12     | Noticed Congressman's ghost (powerful MiFi)
 33343 | D:12     | Killed Congressman's ghost
 33343 | D:12     | Received a gift from Okawaru
 33830 | D:13     | Identified the cursed +4,+1 flail of the Lonely Wishes (You found it on level 12 of the Dungeon)
 33938 | D:13     | Noticed Urug
 33962 | D:13     | Killed Urug
 33993 | D:13     | Received a gift from Okawaru
 34107 | D:13     | Found a labyrinth entrance.
 34142 | Lab      | Entered a labyrinth
 34908 | Lab      | Found an exit through the horrors of the Abyss.
 35788 | D:13     | Identified a +2 rod of summoning (14/14) (You found it in a labyrinth)
 35806 | D:13     | Learned a level 1 spell: Apportation
 35809 | D:13     | Learned a level 2 spell: Blink
 35814 | D:13     | Learned a level 2 spell: Portal Projectile
 36242 | D:13     | Identified a +5 rod of demonology (9/9) (You found it on level 13 of the Dungeon)
 36285 | D:14     | Entered Level 14 of the Dungeon
 36308 | D:14     | Noticed Roxanne
 36341 | D:14     | Killed Roxanne
 36348 | D:14     | Got an inconspicuous book
 36349 | D:14     | Identified Roxanne's Volume of Fiery Changing (You took it off Roxanne on level 14 of the Dungeon)
 36742 | D:14     | Noticed Azrael
 36754 | D:14     | Killed Azrael
 36851 | D:14     | Noticed Agnes
 36858 | D:14     | Killed Agnes
 37673 | D:15     | Entered Level 15 of the Dungeon
 37931 | D:15     | Received a gift from Okawaru
 37935 | D:15     | Got a shimmering crossbow {god gift}
 38031 | D:15     | Reached XP level 17. HP: 158/158 MP: 15/15
 38308 | D:15     | Identified the crossbow of Phausukh {god gift, penet, rF+ MR} (Okawaru gifted it to you on level 15 of the Dungeon)
 38665 | Lair:1   | Learned a level 2 spell: Shroud of Golubria
 39123 | D:15     | Found a staircase to the Vaults.
 39564 | Vaults:1 | Entered Level 1 of the Vaults
 39665 | Vaults:1 | Found Pabley's Jewellery Boutique.
 39693 | Vaults:1 | Found Jutet's Antique Weapon Shop.
 39779 | Vaults:1 | Found Feimeot's Antique Armour Boutique.
 39834 | Vaults:1 | Noticed Wiglaf
 39843 | Vaults:1 | Killed Wiglaf
 39843 | Vaults:1 | Received a gift from Okawaru
 39944 | Vaults:1 | Found a flickering gateway to a bazaar.
 39952 | Bazaar   | Entered a bazaar
 39952 | Bazaar   | Found Schokhla's Book Emporium.
 39952 | Bazaar   | Found Stripiugu's Food Emporium.
 39952 | Bazaar   | Found Xuunkamn's Assorted Antiques.
 39953 | Bazaar   | Found Ipegollijih's Antique Armour Shoppe.
 39968 | Bazaar   | Bought an aquamarine-studded crystal plate armour for 990 gold pieces
 39970 | Bazaar   | Identified the cursed +5 crystal plate armour "Efotaext" (You bought it in a shop in a bazaar)
 40040 | Bazaar   | Bought a potion of curing for 46 gold pieces
 40040 | Bazaar   | Bought a glass wand for 460 gold pieces
 40040 | Bazaar   | Bought 2 potions of curing for 92 gold pieces
 40040 | Bazaar   | Bought a red potion for 20 gold pieces
 40060 | Bazaar   | Identified a +3 rod of destruction [inacc,magma,cold] (13/13) (You found it on level 1 of the Vaults)
 40072 | Bazaar   | Bought a meat ration for 28 gold pieces
 40072 | Bazaar   | Bought an apple for 5 gold pieces
 40072 | Bazaar   | Bought a lemon for 8 gold pieces
 40072 | Bazaar   | Bought a bread ration for 28 gold pieces
 40072 | Bazaar   | Bought a pear for 5 gold pieces
 40072 | Bazaar   | Bought a meat ration for 28 gold pieces
 40072 | Bazaar   | Bought a bread ration for 28 gold pieces
 40072 | Bazaar   | Bought a bread ration for 28 gold pieces
 40072 | Bazaar   | Bought a bread ration for 28 gold pieces
 40352 | Vaults:1 | Found Shrodgho's Weapon Emporium.
 40742 | Vaults:2 | Noticed Snorg
 40747 | Vaults:2 | Killed Snorg
 40889 | Vaults:2 | Found Kecruesch's Antique Weapon Shop.
 41010 | Vaults:2 | Found a frozen archway.
 41036 | IceCv    | Entered an ice cave
 41238 | IceCv    | Noticed an Ice Fiend
 41258 | IceCv    | Killed an Ice Fiend
 41568 | IceCv    | Got a steaming longbow
 41578 | IceCv    | Gained mutation: Your muscles are strong (Str +1). [potion of gain strength]
 41717 | IceCv    | Identified the longbow of Analysis {speed, Int-1} (You found it in an ice cave)
 42328 | Vaults:3 | Found an iron altar of Okawaru.
 42448 | Vaults:3 | Found a staircase to the Crypt.
 42507 | Vaults:3 | Received a gift from Okawaru
 42665 | Vaults:3 | Reached XP level 18. HP: 147/172 MP: 16/16
 43292 | Vaults:3 | Received a gift from Okawaru
 43672 | Vaults:3 | Got a glistering book
 43677 | Vaults:3 | Got a ring of the Octopus King
 43890 | Vaults:3 | Identified the Handbook of Damaging Air (You found it on level 3 of the Vaults)
 44018 | Vaults:1 | Bought an uncursed ring of teleport control for 650 gold pieces
 44411 | Lair:1   | Identified a ring of the Octopus King {AC+1 EV+1 Str+1 Dex+1 Int+1} (You found it on level 3 of the Vaults)
 44842 | Vaults:4 | Received a gift from Okawaru
 44846 | Vaults:4 | Got a pair of fine gloves {god gift}
 44876 | Vaults:4 | Identified the +5 pair of gloves of Shadows and Fog {god gift} (Okawaru gifted it to you on level 4 of the Vaults)
 45958 | Vaults:4 | Found a staircase to the Hall of Blades.
 46619 | Vaults:5 | Noticed a sphinx
 46625 | Vaults:5 | Killed a sphinx
 47205 | Vaults:6 | Noticed a sphinx
 47215 | Vaults:6 | Killed a sphinx
 47215 | Vaults:6 | Reached XP level 19. HP: 177/184 MP: 16/16
 47218 | Vaults:6 | Received a gift from Okawaru
 47221 | Vaults:6 | Got a shimmering large shield {god gift}
 47232 | Vaults:6 | Identified the +2 large shield of the Four Orbs {god gift} (Okawaru gifted it to you on level 6 of the Vaults)
 47260 | Vaults:6 | Got an encrusted leather armour
 47312 | Vaults:6 | Identified the +4 leather armour of Adurchaah (You found it on level 6 of the Vaults)
 47820 | Vaults:6 | Gained mutation: Your muscles are strong (Str +2). [potion of gain strength]
 49633 | Vaults:7 | Got an iridescent flail
 49977 | Vaults:7 | Received a gift from Okawaru
 50177 | Vaults:7 | Noticed Terence
 50178 | Vaults:7 | Killed Terence
 50404 | Vaults:7 | Identified the flail "Killer Bee's Curse" {vamp, SInv} (You found it on level 7 of the Vaults)
 50552 | Vaults:8 | Entered Level 8 of the Vaults
 50562 | Vaults:8 | Noticed a titan
 50600 | Vaults:7 | Reached XP level 20. HP: 173/194 MP: 14/17
 50610 | Vaults:7 | Received a gift from Okawaru
 50636 | Vaults:7 | Received a gift from Okawaru
 51374 | Vaults:8 | Killed a titan
 51730 | Vaults:8 | Noticed a shadow dragon
 51749 | Vaults:8 | Noticed a shadow dragon
 51753 | Vaults:8 | Killed a shadow dragon
 51779 | Vaults:8 | Killed a shadow dragon
 52026 | Vaults:8 | Noticed a shadow dragon
 52042 | Vaults:8 | Noticed a shadow dragon
 52045 | Vaults:8 | Killed a shadow dragon
 52083 | Vaults:8 | Killed a shadow dragon
 52680 | Vaults:8 | Noticed a shadow dragon
 52722 | Vaults:8 | Killed a shadow dragon
 52728 | Vaults:8 | Received a gift from Okawaru
 52777 | Vaults:8 | Received a gift from Okawaru
 53403 | Vaults:8 | Noticed a titan
 53425 | Vaults:8 | Killed a titan
 53917 | Vaults:8 | Noticed a shadow dragon
 53930 | Vaults:8 | Killed a shadow dragon
 53955 | Vaults:8 | Noticed a shadow dragon
 53977 | Vaults:8 | Killed a shadow dragon
 53988 | Vaults:8 | Noticed a shadow dragon
 53994 | Vaults:8 | Killed a shadow dragon
 54031 | Vaults:8 | Noticed a shadow dragon
 54053 | Vaults:8 | Killed a shadow dragon
 54093 | Vaults:8 | Noticed a titan
 54327 | Vaults:8 | Killed a titan
 54595 | Vaults:8 | Reached XP level 21. HP: 201/209 MP: 18/18
 54605 | Vaults:8 | Gained mutation: You are partially covered in thin metallic scales (AC +1). [a shining eye]
 54643 | Vaults:8 | Received a gift from Okawaru
 54661 | Vaults:8 | Noticed a golden dragon
 54699 | Vaults:8 | Killed a golden dragon
 54699 | Vaults:8 | Received a gift from Okawaru
 54753 | Vaults:8 | Got a pair of warped gloves
 54757 | Vaults:8 | Identified the cursed +2 pair of gloves "Joco" (You found it on level 8 of the Vaults)
 54783 | Vaults:8 | Received a gift from Okawaru
 55074 | Vaults:8 | Got a slimy wooden ring
 55086 | Vaults:8 | Got an engraved book
 55087 | Vaults:8 | Identified the Papyrus of Calling (You found it on level 8 of the Vaults)
 55090 | Vaults:8 | Got a distressingly furry ring mail
 55095 | Vaults:8 | Got a shimmering chain mail
 55143 | Vaults:8 | Got a silver rune of Zot
 55187 | Vaults:8 | Identified the +2 ring mail of Hysteria (You found it on level 8 of the Vaults)
 55202 | Vaults:8 | Identified the +2 chain mail of Leeli (You found it on level 8 of the Vaults)
 55890 | Lair:1   | Identified the cursed ring of Jumemi (You found it on level 8 of the Vaults)
 56921 | Vaults:7 | Reached skill level 27 in Fighting
 56997 | Vaults:8 | Noticed a shadow dragon
 57012 | Vaults:8 | Killed a shadow dragon
 57190 | Vaults:8 | Received a gift from Okawaru
 57495 | Vaults:8 | Received a gift from Okawaru
 57657 | Vaults:8 | Got a crude scale mail
 58131 | Lair:1   | Identified the cursed -1 scale mail of Devotion (You found it on level 8 of the Vaults)
 58470 | Shoals:3 | Noticed Vader78's illusion
 58480 | Shoals:3 | Noticed Mara
 58481 | Shoals:3 | Noticed Mara
 58712 | Shoals:1 | Found Gaoma's Weapon Shop.
 58765 | Shoals:1 | Noticed a kraken
 58786 | Shoals:1 | Killed a kraken
 59018 | Shoals:3 | Noticed Mara
 59018 | Shoals:3 | Noticed Mara
 59040 | Shoals:3 | Killed Mara
 59056 | Shoals:3 | Killed Mara
 59587 | Shoals:4 | Noticed Saint Roka
 59645 | Shoals:4 | Killed Saint Roka
 59932 | Shoals:5 | Entered Level 5 of the Shoals
 60007 | Shoals:5 | Noticed Donald
 60015 | Shoals:5 | Killed Donald
 60142 | Shoals:5 | Noticed Ilsuiw
 60224 | Shoals:5 | Killed Ilsuiw
 60596 | Shoals:5 | Reached XP level 22. HP: 191/221 MP: 18/18
 60895 | Shoals:5 | Received a gift from Okawaru
 61018 | Shoals:5 | Got a barnacled rune of Zot
 61753 | Vaults:1 | Bought an uncursed ring of poison resistance for 260 gold pieces
 62158 | Snake:1  | Entered Level 1 of the Snake Pit
 62260 | Snake:1  | Noticed Sonja
 62269 | Snake:1  | Killed Sonja
 62495 | Snake:1  | Found Yklan's Weapon Boutique.
 63030 | Snake:2  | Noticed Frances
 63052 | Snake:2  | Killed Frances
 63052 | Snake:2  | Reached skill level 1 in Traps & Doors
 63106 | Snake:2  | Reached skill level 10 in Armour
 63202 | Snake:2  | You fall through a shaft!
 64815 | Snake:5  | Entered Level 5 of the Snake Pit
 65037 | Snake:5  | Noticed Frederick
 65050 | Snake:5  | Killed Frederick
 65428 | Snake:5  | Noticed Aizul
 66039 | Snake:5  | Killed Aizul
 66282 | Snake:5  | Got a serpentine rune of Zot
 67037 | D:16     | Noticed Maud
 67047 | D:16     | Killed Maud
 67091 | D:16     | Found a deep blue altar of Sif Muna.
 67162 | D:16     | Found a one-way gate to the infinite horrors of the Abyss.
 67263 | D:16     | Noticed Rupert
 67273 | D:16     | Killed Rupert
 67290 | D:16     | Found a portal to a secret trove of treasure.
 67534 | D:16     | Noticed AnAngryHobo's ghost (powerful MiBe)
 67551 | D:16     | Killed AnAngryHobo's ghost
 68010 | D:17     | Identified a -3 rod of striking (7/7) (You found it on level 17 of the Dungeon)
 68720 | D:17     | Received a gift from Okawaru
 69220 | D:18     | Found Idoacemp's Antique Armour Boutique.
 69221 | D:18     | Found Yhiphol's Antique Armour Emporium.
 69252 | D:18     | Bought a runed helmet for 97 gold pieces
 69272 | D:18     | Bought a faintly humming plate armour for 728 gold pieces
 69302 | D:18     | Identified the cursed +5 plate armour of Limited Liability (You bought it in a shop on level 18 of the Dungeon)
 69403 | D:18     | Reached XP level 23. HP: 220/230 MP: 19/19
 69517 | D:18     | Identified a +0 rod of venom (14/14) (You found it on level 18 of the Dungeon)
 69568 | D:18     | Found Meemmej's Antique Weapon Emporium.
 69598 | D:18     | Found Xuuf's Antique Weapon Shoppe.
 70402 | D:18     | Received a gift from Okawaru
 71270 | D:19     | Received a gift from Okawaru
 71395 | D:19     | You fall through a shaft!
 71395 | D:20     | Entered Level 20 of the Dungeon
 72058 | D:20     | Noticed Margery
 72079 | D:20     | Killed Margery
 72522 | D:20     | Got a brightly glowing plate armour
 72549 | D:20     | Identified the +8 plate armour "Baixer" (You found it on level 20 of the Dungeon)
 73471 | D:21     | Found a snail-covered altar of Cheibriados.
 73471 | D:21     | Found a gateway to Hell.
 73628 | Hell     | Entered the Vestibule of Hell
 73628 | Hell     | Noticed Geryon
 73654 | Hell     | Killed Geryon
 73654 | Hell     | Received a gift from Okawaru
 73743 | Hell     | Noticed Murray
 74215 | Hell     | Killed Murray
 74431 | Hell     | Received a gift from Okawaru
 74506 | Hell     | Reached skill level 10 in Shields
 74861 | Hell     | Received a gift from Okawaru
 75252 | Hell     | Reached XP level 24. HP: 224/241 MP: 23/23
 75293 | Hell     | Received a gift from Okawaru
 76207 | D:19     | Received a gift from Okawaru
 77105 | Elf:3    | Entered Level 3 of the Elven Halls
 77367 | Elf:3    | Received a gift from Okawaru
 77395 | Elf:3    | Got a distressingly furry ring mail {god gift}
 77623 | Elf:3    | Identified the -7 ring mail "Axuzxoem" {god gift} (Okawaru gifted it to you on level 3 of the Elven Halls)
 78778 | Elf:3    | Got a smoking iron ring
 78812 | Elf:3    | Identified the ring "Owishraits" (You found it on level 3 of the Elven Halls)
 78822 | Elf:3    | Got a shimmering cloak
 78826 | Elf:3    | Identified the -4 cloak of Bocvafem (You found it on level 3 of the Elven Halls)
 78894 | Elf:3    | Got a rare book
 78895 | Elf:3    | Identified the Handbook of Confrontation and the Rocks (You found it on level 3 of the Elven Halls)
 79657 | Elf:3    | Learned a level 2 spell: Swiftness
 80364 | D:22     | Found Waot's Magic Scroll Boutique.
 80377 | D:22     | Bought a scroll of blinking for 110 gold pieces
 81318 | D:22     | Noticed Boris
 81334 | D:22     | Killed Boris
 81334 | D:22     | Received a gift from Okawaru
 81536 | D:23     | Paralysed by a sphinx for 5 turns
 81573 | D:23     | Received a gift from Okawaru
 81775 | D:23     | Received a gift from Okawaru
 81778 | D:23     | Got a dazzling bow {god gift}
 81779 | D:23     | Identified the +1,-3 bow of Amoast {god gift} (Okawaru gifted it to you on level 23 of the Dungeon)
 82943 | D:23     | Reached XP level 25. HP: 251/251 MP: 24/24
 83033 | D:24     | Reached skill level 5 in Invocations
 83049 | D:24     | Found Skuk's Assorted Antiques.
 83054 | D:24     | Bought 2 bubbling black potions for 36 gold pieces
 83193 | D:24     | Reached skill level 15 in Armour
 83332 | D:24     | Noticed Mennas
 83345 | D:24     | Killed Mennas
 83361 | D:24     | Found Jiceusar's Weapon Emporium.
 83367 | D:24     | Found Atzecefuro's Distillery.
 83390 | D:24     | Found Skiocs' Jewellery Shoppe.
 83431 | D:24     | Found a one-way gate leading to the halls of Pandemonium.
 83440 | D:24     | Bought a potion of heal wounds for 36 gold pieces
 83440 | D:24     | Bought a potion of gain intelligence for 420 gold pieces
 83440 | D:24     | Bought a potion of heal wounds for 36 gold pieces
 83440 | D:24     | Bought a potion of speed for 66 gold pieces
 83440 | D:24     | Bought a potion of curing for 24 gold pieces
 83441 | D:24     | Gained mutation: Your mind is acute (Int +1). [potion of gain intelligence]
 83534 | D:24     | Received a gift from Okawaru
 83560 | D:24     | Found Plecha's General Store.
 83564 | D:24     | Bought a scroll of acquirement for 1092 gold pieces
 83858 | D:25     | Entered Level 25 of the Dungeon
 84003 | D:25     | Found a white marble altar of Elyvilon.
 84561 | D:25     | Received a gift from Okawaru
 85503 | D:26     | Found a magical portal.
 85812 | D:26     | Received a gift from Okawaru
 85866 | D:27     | Entered Level 27 of the Dungeon
 86527 | D:27     | Got a warped dagger
 86528 | D:27     | Identified the +4,+4 dagger "Hufoczit" (You found it on level 27 of the Dungeon)
 86684 | Zot:1    | Entered Level 1 of the Realm of Zot
 86708 | Zot:1    | Gained mutation: You occasionally shout uncontrollably. [a Zot trap]
 86708 | Zot:1    | Gained mutation: You heal slowly. [a Zot trap]
 87441 | Zot:1    | Reached XP level 26. HP: 253/253 MP: 26/26
 87535 | Zot:1    | Reached skill level 5 in Traps & Doors
 88030 | D:24     | Bought a potion of cure mutation for 420 gold pieces
 89903 | Zot:2    | Noticed a golden dragon
 89930 | Zot:2    | Killed a golden dragon
 90109 | Zot:3    | Noticed a golden dragon
 90128 | Zot:3    | Killed a golden dragon
 90173 | Zot:3    | Noticed a golden dragon
 90194 | Zot:3    | Killed a golden dragon
 90288 | Zot:3    | Noticed a golden dragon
 90321 | Zot:3    | Killed a golden dragon
 90807 | Zot:3    | Received a gift from Okawaru
 91896 | Zot:3    | Reached XP level 27. HP: 124/259 MP: 28/28
 92008 | Zot:3    | Received a gift from Okawaru
 92343 | Zot:3    | Reached skill level 15 in Shields
 92709 | Zot:4    | Received a gift from Okawaru
 93900 | Zot:4    | Received a gift from Okawaru
 93966 | Zot:4    | Received a gift from Okawaru
 93973 | Zot:4    | Got a crude crystal plate armour {god gift}
 93996 | Zot:4    | Identified the +7 crystal plate armour of the Present {god gift} (Okawaru gifted it to you on level 4 of the Realm of Zot)
 94901 | Zot:5    | Entered Level 5 of the Realm of Zot
 95387 | D:24     | Bought a scroll of magic mapping for 70 gold pieces
 96212 | Zot:5    | Noticed an ancient lich
 96234 | Zot:5    | Received a gift from Okawaru
 96253 | Zot:5    | Noticed an ancient lich
 96260 | Zot:5    | Killed an ancient lich
 96260 | Zot:5    | Reached skill level 10 in Traps & Doors
 96329 | Zot:5    | Killed an ancient lich
 96450 | Zot:5    | Got a brightly glowing helmet {god gift}
 96454 | Zot:5    | Identified the +2 helmet of the Gloaming {god gift} (Okawaru gifted it to you on level 5 of the Realm of Zot)
 96524 | Zot:5    | Noticed an orb of fire
 96558 | Zot:5    | Killed an orb of fire
 96727 | Zot:5    | Noticed an ancient lich
 96744 | Zot:5    | Killed an ancient lich
 96867 | Zot:5    | Noticed a Killer Klown
 96877 | Zot:5    | aj12037: way for running away?
 96878 | Zot:5    | aj12037: xp
 96878 | Zot:5    | Vader78: hi )
 96878 | Zot:5    | aj12037: cool you again lvl 27
 96878 | Zot:5    | aj12037: hey ^^
 96878 | Zot:5    | Vader78: ive lost another onebefore that
 96878 | Zot:5    | Vader78: at level 25 in zot 1
 96878 | Zot:5    | Vader78: ))
 96878 | Zot:5    | aj12037: how many runes you got?
 96878 | Zot:5    | aj12037: wow only 25 and zot
 96878 | Zot:5    | aj12037: 50 ac :p
 96878 | Zot:5    | Vader78: just 3 )
 96878 | Zot:5    | aj12037: oh to win ^^
 96878 | Zot:5    | Vader78: yep one can never have too much ac especially with no magic or source of blinking )
 96879 | Zot:5    | aj12037: teleportitis?
 96880 | Zot:5    | Killed a Killer Klown
 96883 | Zot:5    | aj12037: or no scrolls
 96895 | Zot:5    | Vader78: no scrolls no wand )
 96895 | Zot:5    | aj12037: well good luck i will enjouy watching
 96895 | Zot:5    | aj12037: run away fast
 96895 | Zot:5    | aj12037: xp
 96895 | Zot:5    | Vader78: ))
 96946 | Zot:5    | Noticed an orb of fire
 96953 | Zot:5    | Cast into the Abyss (purple draconian shifter)
 96954 | Abyss    | aj12037: :o
 96954 | Abyss    | Vader78: oh well )
 96954 | Abyss    | aj12037: get abyssrune
 96954 | Abyss    | aj12037: xp
 96954 | Abyss    | aj12037: well or find gates
 96962 | Abyss    | Found a deep blue altar of Sif Muna.
 96984 | Abyss    | Vader78: ran out of arrows almost
 96990 | Abyss    | aj12037: uhh
 97000 | Abyss    | aj12037: then justrun from monsters
 97005 | Abyss    | aj12037: youre fast
 97027 | Abyss    | aj12037: 74 is almost run out?
 97027 | Abyss    | aj12037: oh you need them for zot
 97027 | Abyss    | Vader78: yeah the orb of fire will be there for me )
 98040 | Abyss    | aj12037: sad
 98071 | Zot:5    | Escaped the Abyss.
 98073 | Zot:5    | Gained mutation: You digest meat very inefficiently. [an orb of fire]
 98096 | Zot:5    | Gained mutation: Your vision is a little blurry. [an orb of fire]
 98106 | Zot:5    | Killed an orb of fire
 98494 | Zot:5    | Noticed a Killer Klown
 98519 | Zot:5    | Killed a Killer Klown
 98713 | Zot:5    | Noticed an orb of fire
 98830 | Zot:5    | Killed an orb of fire
 98837 | Zot:5    | HP: 4/259 [green draconian scorcher/blast of hellfire (49)]
 98866 | Zot:5    | Reached skill level 5 in Evocations
 99494 | Zot:4    | Vader78: whew
100600 | Lair:1   | Vader78: how good is silver against orbs of fire?
100631 | Lair:1   | Vader78: --break-- thx for watching
102012 | Crypt:1  | Entered Level 1 of the Crypt
102610 | Crypt:1  | Received a gift from Okawaru
103199 | Crypt:2  | Found a staircase to the Tomb.
103204 | Crypt:2  | Reached skill level 1 in Spellcasting
103204 | Crypt:2  | Reached skill level 1 in Charms
103204 | Crypt:2  | Reached skill level 1 in Translocations
105122 | Crypt:3  | Received a gift from Okawaru
107298 | Lair:1   | Lost mutation: Your spells are a little harder to cast, but a little more powerful. [potion of cure mutation]
107298 | Lair:1   | Lost mutation: You digest meat very inefficiently. [potion of cure mutation]
107298 | Lair:1   | Lost mutation: You occasionally shout uncontrollably. [potion of cure mutation]
107298 | Lair:1   | Lost mutation: Your vision is a little blurry. [potion of cure mutation]
107298 | Lair:1   | Lost mutation: You heal slowly. [potion of cure mutation]
107919 | Vaults:8 | Received a gift from Okawaru
108282 | Vaults:1 | Bought a runed demon whip for 481 gold pieces
108827 | D:24     | Bought a potion of restore abilities for 36 gold pieces
108828 | D:24     | Bought a potion of invisibility for 66 gold pieces
109742 | Zot:5    | Received a gift from Okawaru
109759 | Zot:5    | Noticed an orb of fire
109785 | Zot:5    | Lost mutation: You are agile (Dex +1). [an orb of fire]
109823 | Zot:5    | Killed an orb of fire
109830 | Zot:5    | Got the Orb of Zot
110012 | Zot:3    | Noticed Teud the pandemonium lord
110580 | D:18     | Noticed Hireak the pandemonium lord
111083 | D:$      | Escaped with the Orb!
